Map: Nightshade LE

Players

MrHase

  • Race: Zerg Zerg
  • League: Master
  • Spawn Location: 5:00

zuka - Winner!

  • Race: Protoss Protoss
  • League: Master
  • Spawn Location: 11:00

VOD

Have the link to the VOD?

Description

Time

  • Played on: March 19, 2020, 4:13 p.m.
  • Length: 8:11
Show
View Real Time Build Order
Export as new Build Order

MrHase Zerg 

Build Orders: Hatch First 

Get SALT Encoding   

  12  0:01  Drone  
  13  0:12  Overlord  
  13  0:17  Drone  
  14  0:22  Extractor  
  14  0:23  Drone  
  15  0:32  Drone  
  16  1:02  Drone x3  
  16  1:03  Hatchery  
  18  1:16  Spawning Pool  
  17  1:19  Drone  
  18  1:30  Extractor, Drone  
  18  1:38  Drone  
  19  1:56  Overlord  
  19  1:57  Drone  
  20  2:02  Queen  
  22  2:15  Queen  
  22  2:16  Zergling x4  
  22  2:19  Drone  
  27  2:27  Drone  
  27  2:28  Drone  
  29  2:37  Drone  
  30  2:47  Pneumatized Carapace  
  30  3:01  Hatchery  
  30  3:05  Drone x5  
  33  3:08  Queen  
  33  3:09  Overlord  
  35  3:15  Overlord  
  35  3:25  Overlord  
  35  3:29  Drone x3  
  38  3:38  Drone x2  
  40  3:45  Drone  
  41  3:55  Roach Warren, Lair  
  40  3:58  Drone x5  
  40  4:00  Extractor  
  40  4:02  Extractor  
  43  4:06  Overlord  
  43  4:12  Zergling x2  
  43  4:13  Queen  
  43  4:15  Drone x2  
  43  4:17  Drone x3  
  51  4:26  Zergling x4  
  51  4:27  Drone  
  51  4:28  Drone x2  
  56  4:36  Drone  
  57  4:44  Drone x2  
  59  4:50  Drone x8  
  67  4:55  Roach  
  67  4:57  Overseer  
  65  5:08  Roach x4  
  70  5:16  Roach x2  
  73  5:33  Hatchery  
  70  5:36  Overlord x5  
  70  5:37  Glial Reconstitution  
  70  5:45  Extractor  
  69  5:54  Queen, Overlord  
  69  5:55  Drone x3  
  74  5:59  Roach x4  
  82  6:04  Drone  
  82  6:06  Drone  
  82  6:08  Queen  
  86  6:13  Drone  
  86  6:14  Evolution Chamber x2, Drone x2  
  86  6:16  Overlord  
  86  6:17  Hydralisk Den  
  86  6:24  Drone  
  87  6:31  Drone x2  
  89  6:38  Drone x3  
  89  6:39  Drone  
  93  6:47  Queen  
  93  6:54  Hydralisk x3  
  95  6:58  Grooved Spines  
  101  7:02  Hatchery, Hydralisk  
  102  7:09  Hydralisk x3  
  102  7:14  Overlord x2  
  108  7:21  Overseer, Extractor  
  107  7:28  Hydralisk x4  
  115  7:34  Roach  
  115  7:35  Roach  
  115  7:37  Zergling x12  
  118  7:39  Extractor  
Show
View Real Time Build Order
Export as new Build Order

zuka Protoss - Winner!

Build Orders: 1 Gate Expand, Zealot Archon, Archon Drop, Dark Templar Rush 

Get SALT Encoding   

  12  0:00  Probe  
  13  0:13  Probe  
  14  0:20  Pylon  
  14  0:25  Probe (Chrono Boost)  
  15  0:37  Probe (Chrono Boost)  
  15  0:40  Gateway  
  16  0:45  Probe  
  16  0:48  Assimilator  
  17  0:58  Probe  
  18  1:07  Pylon  
  18  1:10  Probe (Chrono Boost)  
  20  1:19  Probe (Chrono Boost)  
  20  1:28  Nexus  
  20  1:37  Cybernetics Core  
  20  1:40  Probe  
  20  1:45  Assimilator  
  21  1:52  Probe  
  22  1:56  Pylon  
  22  2:04  Probe  
  23  2:11  Adept (Chrono Boost)  
  25  2:16  Probe  
  25  2:18  Twilight Council  
  26  2:26  Warp Gate  
  26  2:29  Probe  
  27  2:35  Stalker  
  29  2:41  Probe  
  29  2:42  Probe  
  31  2:53  Probe  
  31  2:54  Robotics Facility, Probe  
  33  3:05  Probe  
  34  3:06  Probe  
  35  3:15  Gateway  
  35  3:17  Probe  
  35  3:19  Probe  
  37  3:26  Dark Shrine  
  37  3:29  Probe  
  37  3:30  Gateway  
  37  3:31  Probe  
  39  3:39  Assimilator  
  39  3:41  Probe  
  39  3:44  Gateway  
  39  3:45  Probe  
  41  3:53  Warp Prism (Chrono Boost)  
  43  3:57  Probe  
  43  3:58  Probe  
  45  4:04  Pylon  
  45  4:19  Pylon  
  45  4:26  Nexus  
  45  4:32  Forge  
  45  4:46  Dark Templar x3  
  45  4:47  Dark Templar  
  45  4:49  Probe  
  45  4:51  Probe  
  55  5:10  Probe x2  
  55  5:11  Immortal  
  61  5:15  Pylon  
  61  5:16  Protoss Ground Weapons Level 1 (Chrono Boost)  
  61  5:22  Probe  
  61  5:23  Pylon  
  62  5:33  Probe  
  63  5:38  Probe  
  63  5:40  Pylon  
  63  5:42  Gateway  
  64  5:45  Probe  
  64  5:47  Probe  
  64  5:48  Immortal (Chrono Boost)  
  66  5:50  Probe  
  66  5:52  Charge (Chrono Boost)  
  71  5:58  Probe  
  71  6:00  Probe  
  71  6:02  Probe  
  74  6:09  Dark Templar x2  
  74  6:10  Archon, Probe  
  74  6:11  Archon, Zealot  
  79  6:12  Probe  
  79  6:13  Zealot  
  79  6:15  Archon, Probe  
  85  6:21  Immortal (Chrono Boost)  
  85  6:22  Probe  
  91  6:31  Gateway  
  91  6:34  Gateway  
  91  6:36  Gateway  
  90  6:40  Gateway  
  90  6:43  Pylon  
  90  6:50  Dark Templar  
  90  6:51  Dark Templar  
  90  6:53  Zealot x2  
  98  6:55  Archon  
  98  6:56  Zealot  
  100  7:05  Pylon  
  100  7:12  Pylon  
  100  7:14  Zealot x2  
  104  7:16  Zealot  
  104  7:20  Pylon  
  106  7:33  Zealot x4  
  106  7:34  Zealot x2  
  106  7:36  Zealot  
  120  7:37  Zealot  
  118  7:51  Zealot  
  112  8:02  Zealot x3  
  112  8:03  Zealot x5  
Tags
 
Add a new tag
Caveats
  • Supply blocks, unpowered buildings, or Contaminate may cause inaccurate times.
  • Supply counts are checked every 10 seconds.